 Dungeon Crawl Stone Soup version 0.25-a0-781-gc44aebf4fe (webtiles) character file.

Game seed: 15678880948538756799, levelgen mode: deterministic

28 Heliosone the Conjurer (level 3, -2/19 HPs)
             Began as a Tengu Fire Elementalist on Apr 16, 2020.
             Slain by a hobgoblin (5 damage)
             ... on level 2 of the Dungeon.
             The game lasted 00:03:03 (955 turns).

Heliosone the Conjurer (Tengu Fire Elementalist)     Turns: 955, Time: 00:03:04

Health: -2/19      AC:  2    Str:  8    XL:     3   Next: 12%
Magic:  5/7        EV: 12    Int: 16    God:
Gold:   63         SH:  0    Dex: 14    Spells: 5/6 levels left

rFire    . . .     SeeInvis .   e - +0 club
rCold    . . .     Gourm    .   (no shield)
rNeg     . . .     Faith    .   a - +0 robe
rPois    .         Spirit   .   (helmet restricted)
rElec    .         Reflect  .   i - scarf {cloud immunity}
rCorr    .         Harm     .   (no gloves)
MR       .....                  (boots unavailable)
Stlth    ++........             (no amulet)
HPRegen  0.06/turn              (no ring)
MPRegen  0.10/turn              (no ring)

@: no status effects
A: beak, talons 3
a: no special abilities


You were on level 2 of the Dungeon.
You were hungry.

You visited 1 branch of the dungeon, and saw 2 of its levels.

You collected 63 gold pieces.

Inventory:

Hand Weapons
 e - a +0 club (weapon)
Armour
 a - a +0 robe (worn)
 h - a +0 pair of boots
 i - a scarf of cloud immunity (worn)
Scrolls
 b - a scroll of identify {unknown}
 d - 2 scrolls of blinking {unknown}
 f - a scroll of fear {unknown}
Potions
 g - a potion of lignification {unknown}
Comestibles
 c - 2 rations


   Skills:
 - Level 2.1 Dodging
 - Level 2.0 Stealth
 - Level 2.0 Spellcasting
 + Level 4.0 Conjurations
 - Level 3.2 Fire Magic


You had 5 spell levels left.
You knew the following spells:

 Your Spells              Type           Power        Failure   Level  Hunger
a - Foxfire               Conj/Fire      ##..         4%          1    #......

Your spell library contained the following spells:

 Spells                   Type           Power        Failure   Level  Hunger
 Conjure Flame            Conj/Fire      ##......     14%         3    ###....
 Inner Flame              Hex/Fire       #.......     32%         3    ###....
 Sticky Flame             Conj/Fire      ##......     41%         4    #####..
 Fireball                 Conj/Fire      ##........   77%         5    ######.


Dungeon Overview and Level Annotations

Branches:
Dungeon (2/15)

Altars:


Innate Abilities, Weirdness & Mutations

You have a beak for a mouth.
You have claws for feet.


Message History

The hobgoblin is heavily wounded.
You feel sick. The hobgoblin hits you.
* * * LOW HITPOINT WARNING * * *
The hobgoblin barely misses you.
You barely miss the hobgoblin.
The hobgoblin is heavily wounded.
The hobgoblin hits you but does no damage.
Casting: Foxfire (safe; 4% risk of failure)
Confirm with . or Enter, or press ? or * to list all spells.
You conjure some foxfire!
You feel sick.
You are no longer poisoned.
The hobgoblin hits you.
* * * LOW HITPOINT WARNING * * *
Your foxfire dissipates!
The hobgoblin completely misses you.
You aren't carrying any items that you can evoke.
Unknown command.
You are feeling hungry.
The hobgoblin hits you.
You die...

#######
#.g@.<#
#.##### #.#
########.#####
#......#.....#
#†####.#####.#
.#....#.# #.#
..$...'.....>#
#.#######
......####...#
#.......#


You could see a hobgoblin.

Vanquished Creatures
  An adder (D:2)
  An ooze (D:1)
  3 goblins (D:1)
  2 kobolds (D:1)
  A ball python (D:1)
  4 bats (D:1)
  3 frilled lizards (D:1)
  3 rats (D:1)
18 creatures vanquished.

Vanquished Creatures (others)
  28 foxfires
28 creatures vanquished.

Grand Total: 46 creatures vanquished

Notes
Turn   | Place    | Note
-------+----------+-------------------------------------------
     0 | D:1      | Heliosone the Tengu Fire Elementalist began the quest for
                  | the Orb.
     0 | D:1      | Reached XP level 1. HP: 10/10 MP: 4/4
    14 | D:1      | Reached skill level 2 in Conjurations
   154 | D:1      | Reached XP level 2. HP: 15/15 MP: 3/6
   252 | D:1      | Reached skill level 3 in Conjurations
   905 | D:2      | Reached skill level 4 in Conjurations
   905 | D:2      | Reached XP level 3. HP: 14/19 MP: 3/7
   955 | D:2      | Slain by a hobgoblin

Levels and vault maps discovered:
D:1:      mrwooster_arrival_statue_2, layout_basic, serial_forest,
          infiniplex_forest_straight_4, infiniplex_forest_clump_long,
          infiniplex_forest_clump_C, infiniplex_forest_lined_1,
          infiniplex_forest_clump_tiny
D:2:      layout_basic, minmay_misc_feat_x, minmay_tetromino_i2

Skill      XL: |  1  2 |
---------------+-------+-----
Conjurations   | 2 4 |  4.0
Dodging        | |  2.1
Stealth        | |  2.0
Spellcasting   | |  2.0
Fire Magic     | |  3.2

Action                   || total
-------------------------++-------
Melee: Club              ||     4
       Peck              ||     1
 Cast: Foxfire           ||    22
Armor: Robe              ||     2
Dodge: Dodged            ||     5

Table legend:
 A = Non-vault XP
 B = Vault XP
 C = Vault XP percentage of total XP
 D = Non-vault monster count
 E = Vault monster count
 F = Vault count percentage of total count
                 A         B        C        D         E       F
            +---------+---------+-------+---------+---------+-------
      Total |      40 |       0 |   0.0 |      18 |       0 |   0.0
            +---------+---------+-------+---------+---------+-------
        D:1 |      27 |       0 |   0.0 |      17 |       0 |   0.0
        D:2 |      13 |       0 |   0.0 |       1 |       0 |   0.0
            +---------+---------+-------+---------+---------+-------
